 Dungeon Crawl Stone Soup version 0.23-a0-726-g9fa1570 (webtiles) character file.

20 Inarius the Ducker (level 2, 0/14 HPs)
             Began as a Felid Berserker on Jan 16, 2019.
             Was a Follower of Trog.
             Slain by a kobold (3 damage)
             ... on level 1 of the Dungeon.
             The game lasted 00:01:26 (275 turns).

Inarius the Ducker (Felid Berserker)                 Turns: 275, Time: 00:01:26

Health: 0/14       AC:  1    Str: 13    XL:     2   Next: 58%
Magic:  3/3        EV: 19    Int:  8    God:    Trog [*.....]
Gold:   38         SH:  0    Dex: 15    Spells: 1/1 levels left
                                        Lives:  0   Deaths: 0

rFire    . . .     SeeInvis +     - Unarmed
rCold    . . .     Gourm    .   (shield unavailable)
rNeg     . . .     Faith    .   (armour unavailable)
rPois    .         Spirit   .   (helmet unavailable)
rElec    .         Reflect  .   (cloak unavailable)
rCorr    .         Harm     .   (gloves unavailable)
MR       .....                  (boots unavailable)
Stlth    ++........             (no amulet)
HPRegen  0.04/turn              (no ring)
MPRegen  0.08/turn              (no ring)

@: berserk cooldown, slowed, slow
A: very small, no armour, no weapons or thrown items, stealth, claws 1, fangs 3,
see invisible, carnivore, speed 1, shaggy fur 1, slow metabolism 1, sharp paws
a: Berserk, Renounce Religion


You were on level 1 of the Dungeon.
You worshipped Trog.
Trog was aware of your devotion.
You were not hungry.

You visited 1 branch of the dungeon, and saw 1 of its levels.

You collected 38 gold pieces.

Inventory:

Scrolls
 c - 2 scrolls of amnesia {unknown}
 d - a scroll of identify {unknown}
Potions
 b - a potion of degeneration {unknown}
 e - a potion of berserk rage {unknown}
Comestibles
 a - a ration
 f - a chunk of flesh


   Skills:
 + Level 3.2 Fighting
 + Level 4.3 Dodging
 * Level 1.3 Stealth
 + Level 3.2 Unarmed Combat


You had one spell level left.
You didn't know any spells.
Your spell library was empty.

Dungeon Overview and Level Annotations

Branches:
Dungeon (1/15)

Altars:


Innate Abilities, Weirdness & Mutations

You cannot wear armour.
You are incapable of wielding weapons or throwing items.
Your paws allow you to move quietly. (Stealth)
You have sharp claws.
You have razor-sharp teeth.
You have supernaturally acute eyesight. (SInv)
You are carnivorous and can eat meat at any time.
You cover ground quickly.
You are covered in fur. (AC +1)
You have a slow metabolism.
Your sharp claws are effective at attacking unaware monsters.


Message History

You kill the gnoll!
Trog accepts your kill. The rat closely misses you.
You completely miss the rat. Your claw misses the rat. You bite the rat.
You kill the rat!
Trog accepts your kill.
The kobold shouts!
You see here a rat corpse.
You butcher the rat corpse.
You feel a strong urge to attack something.
Things that are here:
a chunk of flesh; a rat skeleton
f - a chunk of flesh You feel your anger nearly subside.
You are no longer berserk.
You are exhausted.
You feel yourself slow down.
Found an orange potion.
You closely miss the kobold. The kobold completely misses you.
You closely miss the kobold. Your bite misses the kobold. The kobold hits you.
You die...

#..g.#####.########
#..##......#
#####.....######
.....g#..## . .###.....#
#.# .##g.###...#### ..
....## ##...?#####.#
.#### ###.##.K.!# .#
######...@########
.#######.......÷!††......
...............).[..####
..###.........#..####
#####........†##...#
#.........♣...####.#
.........8....# ...
####..<.......# #..
g.###.........# ###


You could see a kobold.

Vanquished Creatures
  A gnoll (D:1)
  A leopard gecko (D:1)
  A giant cockroach (D:1)
  2 goblins (D:1)
  3 bats (D:1)
  A rat (D:1)
9 creatures vanquished.

Notes
Turn   | Place    | Note
-------+----------+-------------------------------------------
     0 | D:1      | Inarius the Felid Berserker began the quest for the Orb.
     0 | D:1      | Reached XP level 1. HP: 10/10 MP: 2/2
   256 | D:1      | Reached skill level 1 in Stealth
   256 | D:1      | Reached XP level 2. HP: 14/14 MP: 3/3
   275 | D:1      | Slain by a kobold

Vault maps used:
D:1:      wander_arrival_lonely_grave, corexii_item_surrounded_by_moat

Skill      XL: |  1 |
---------------+----+-----
Stealth        | 1 |  1.3
Fighting       | |  3.2
Dodging        | |  4.3
Unarmed Combat | |  3.2

Action                   || total
-------------------------++-------
Melee: Unarmed           ||    29
       Bite              ||     3
       Punch             ||     2
Invok: Berserk           ||     1
Armor: Skin              ||     3
Dodge: Dodged            ||    25

Table legend:
 A = Non-vault XP
 B = Vault XP
 C = Vault XP percentage of total XP
 D = Non-vault monster count
 E = Vault monster count
 F = Vault count percentage of total count
                 A         B        C        D         E       F
            +---------+---------+-------+---------+---------+-------
      Total |      29 |       0 |   0.0 |       9 |       0 |   0.0
            +---------+---------+-------+---------+---------+-------
        D:1 |      29 |       0 |   0.0 |       9 |       0 |   0.0
            +---------+---------+-------+---------+---------+-------
